 Dungeon Crawl Stone Soup version 0.30.0 (webtiles) character file.

Game seed: 13925761863143466345

612 firemarshallily the Conjurer (level 7, -3/61 HPs)
             Began as a Tengu Conjurer on May 5, 2023.
             Slain by a vampire (6 damage)
             ... on level 5 of the Dungeon.
             The game lasted 00:16:44 (3955 turns).

firemarshallily the Conjurer (Tengu Conjurer)       Turns: 3955, Time: 00:16:44

Health: -3/61      AC: 27    Str: 13 (15) XL:     7   Next: 44%
Magic:  10/16      EV:  2    Int: 18 (19) God:
Gold:   265        SH:  0    Dex:  9 (12) Spells: 6/16 levels left

rFire   . . .        B - +5 woodcutter's axe
rCold   . . .        (shield currently unavailable)
rNeg    . . .        a - melded +0 robe
rPois   +            (helmet currently unavailable)
rElec   .            l - melded scarf {repulsion}
rCorr   .            v - melded +0 pair of gloves
SInv    .            (boots unavailable)
Will    .....        (no amulet)
Stlth   ++           k - +4 ring of protection
HPRegen 0.30/turn    q - +6 ring of strength
MPRegen 0.15/turn

%: random rage (3%)
@: tree-form, attractive, hasted, invisible, very quick
A: stationary, stasis, torment immunity, boosted hp, (beak), (talons 3), nimble
flight, berserk 1
a: no special abilities


You were on level 5 of the Dungeon.
You were a tree.
You visited 1 branch of the dungeon, and saw 5 of its levels.

You collected 265 gold pieces.

Inventory:

Hand Weapons
 B - the +5 woodcutter's axe (weapon)
   (You found it on level 4 of the Dungeon)
Missiles
 o - 3 poisoned darts
Armour
 a - a +0 robe (melded)
 l - a scarf of repulsion (melded)
 v - a +0 pair of gloves (melded)
Jewellery
 k - a +4 ring of protection (left branch)
 q - a +6 ring of strength (right branch)
Scrolls
 d - a scroll of fear
 e - a scroll of magic mapping
 f - 2 scrolls of poison
 g - a scroll of torment {unknown}
 i - a scroll of fog
 p - 2 scrolls of teleportation
Potions
 b - 3 potions of magic
 m - a potion of degeneration
 n - 2 potions of flight
 x - a potion of mutation
 z - a potion of lignification


   Skills:
 + Level 3.6 Fighting
 - Level 2.1 Dodging
 - Level 2.0 Stealth
 * Level 5.3 Spellcasting
 + Level 7.3 Conjurations


You had 6 spell levels left.
You knew the following spells:

 Your Spells              Type           Power      Damage    Failure   Level
a - Magic Dart            Conj           100%       1d8       1%          1
b - Searing Ray           Conj           62%        2d6       1%          2
c - Fulminant Prism       Conj/Hex       9%         3d6       28%         4
d - Hailstorm             Conj/Ice       18%        3d6       9%          3

Your spell library contained the following spells:

 Spells                   Type           Power      Damage    Failure   Level
 Shock                    Conj/Air       72%        1d7       2%          1
 Dazzling Flash           Conj/Hex       36%        N/A       9%          3
 Iskenderun's Mystic Bla  Conj/Tloc      18%        2d6       28%         4
 Swiftness                Air            4%         N/A       36%         3
 Airstrike                Air            2%         2d(1-17)  77%         4
 Ice Form                 Ice/Tmut       4%         N/A       77%         4
 Simulacrum               Ice/Necr       2%         N/A       100%        6


Dungeon Overview and Level Annotations

Branches:
Dungeon (5/15)
 Temple: D:4-7

Altars:
Gozag
Qazlal
Ru


Innate Abilities, Weirdness & Mutations

You are a tree.
Your roots penetrate the ground, keeping you stationary.
You cannot be teleported.
You are immune to unholy pain and torment.
Your maximum health is greatly increased.
Your equipment is partially melded.
((You have a beak for a mouth.))
((You have claws for feet.))
Your magical nature lets you fly swiftly and evasively.
You sometimes lose your temper in combat.


Message History

Your +0 robe melds into your body.
The haze of the repulsion field disappears.
Your roots penetrate the ground.
The vampire hits you!
* * * LOW HITPOINT WARNING * * *
The vampire bites you but does no damage.
Okay, then.
You can't see any enemies this would affect, really read the scroll of fear?
Okay, then.
Okay, then.
As you read the scroll labelled CUT LO BURHI, it crumbles to dust.
It is a scroll of enchant weapon.
You aren't carrying any weapons that can be enchanted.
The vampire hits you but does no damage.
The vampire bites you but does no damage.
As you read the scroll labelled MARY HELIYZYA, it crumbles to dust.
The scroll dissolves into smoke.
It was a scroll of fog.
As you read the scroll labelled DONIPR MYMNIRPH, it crumbles to dust.
The creatures around you are filled with an inner flame!
It was a scroll of immolation.
The vampire hits you but does no damage.
The vampire bites you.
* * * LOW HITPOINT WARNING * * *
The vampire draws strength from your injuries!
As you read the scroll labelled CEMUGO XAGGUNK, it crumbles to dust.
You hear a loud clanging noise!
It was a scroll of noise.
You hear a shout!
You hear an angry hiss.
Something shouts, "Quit, thou defiled elf-skinned pot-faker!"
You hear an angry hiss.
The vampire hits you but does no damage.
The vampire bites you but does no damage.
Unknown command.
As you read the scroll labelled DOCYVA UHED, it crumbles to dust.
It is a scroll of amnesia.
Really abort (and waste the scroll)?
Okay, then.
As you read the scroll labelled YBRU ZUIRHOI, it crumbles to dust.
You cannot blink because you are held in place by your roots.
It was a scroll of blinking.
The vampire hits you.
You die...

####### # #.....# ..
###.....########## ...
........'........###....
##......#######§§§......
.#......#######§§§§.....
...<).........§§♣V§.....
#.#...........§§§§§.####
..............§§##.##
.#..............# ..#
.##.........##### .#
..........### ..
..........+ ..
.....#....# ...


You could see a vampire (inner flame).

Vanquished Creatures
  An ogre (D:4)
  A centaur (D:5)
  A scorpion (D:5)
  A hound (D:4)
  2 jellies (D:4)
  2 gnoll boudas (D:4)
  An iguana (D:4)
  3 gnolls (D:3)
  8 adders
  An ufetubus (D:4)
  4 worms
  2 dart slugs
  9 orcs
  5 endoplasms
  4 giant cockroaches
  6 goblins
  4 hobgoblins
  4 jackals
  9 kobolds
  2 quokkas (D:1)
  9 ball pythons
  8 bats
  3 frilled lizards
  6 rats
96 creatures vanquished.

Vanquished Creatures (others)
  9 fungi (D:4)
9 creatures vanquished.

Grand Total: 105 creatures vanquished

Notes
Turn   | Place    | Note
-------+----------+-------------------------------------------
     0 | D:1      | firemarshallily the Tengu Conjurer began the quest for the
                  | Orb.
     0 | D:1      | Reached XP level 1. HP: 10/10 MP: 4/4
   111 | D:1      | Reached XP level 2. HP: 13/16 MP: 1/6
   246 | D:1      | Found a faded altar of an unknown god.
   450 | D:1      | Reached skill level 1 in Fighting
   683 | D:2      | Reached XP level 3. HP: 20/20 MP: 4/7
   825 | D:2      | Learned a level 2 spell: Searing Ray
  1103 | D:2      | Reached XP level 4. HP: 25/25 MP: 3/9
  1526 | D:3      | Reached skill level 6 in Conjurations
  1666 | D:3      | Found a sacrificial altar of Ru.
  1684 | D:3      | Gained mutation: Your magical nature lets you fly swiftly
                  | and evasively. [Tengu growth]
  1684 | D:3      | Reached XP level 5. HP: 30/30 MP: 11/11
  1718 | D:3      | Learned a level 4 spell: Fulminant Prism
  1753 | D:3      | Found an opulent altar of Gozag.
  2770 | D:4      | Found the +5 woodcutter's axe
  2778 | D:4      | Learned a level 3 spell: Hailstorm
  2927 | D:4      | Reached XP level 6. HP: 36/36 MP: 5/13
  3196 | D:4      | Reached skill level 7 in Conjurations
  3196 | D:4      | Reached XP level 7. HP: 41/41 MP: 8/15
  3406 | D:4      | Found a stormy altar of Qazlal.
  3420 | D:4      | Reached skill level 5 in Spellcasting
  3787 | D:5      | Entered Level 5 of the Dungeon
  3931 | D:5      | Noticed a vampire
  3947 | D:5      | Gained mutation: You sometimes lose your temper in combat.
                  | [potion of mutation]
  3952 | D:5      | HP: 2/61 [vampire (2)]
  3955 | D:5      | Slain by a vampire

Illustrated notes

Levels and vault maps discovered:
D:1:      mrwooster_arrival_statue, layout_rooms,
          dreamdust_ecumenical_altar_angels_and_demons
D:2:      layout_rooms
D:3:      layout_loops_ring, mainiacjoe_overflow_six_doors_small,
          amcnicky_altar_gilded, nrook_mini_vaults, nicolae_eternal_life,
          minmay_misc_feat_rows
D:4:      layout_cave_pods, grunt_qazlal_sundering, serial_park,
          serial_park_fountain, serial_park_square3
          [serial_park_minivault_5x5_6], serial_park_tiny_pond,
          serial_park_tiny_1, serial_park_square3 [serial_park_minivault_5x5_6]
D:5:      layout_basic, temple_fountains, chequers_decorated_corner

Skill      XL: |  1  2  3  4  5  6  7 |
---------------+----------------------+-----
Fighting       | 1 2 3 |  3.6
Spellcasting   | 3 4 5 |  5.3
Conjurations   | 6 7 |  7.3
Dodging        | |  2.1
Stealth        | |  2.0

Action                     |  1- 3 |  4- 6 |  7- 9 || total
---------------------------+-------+-------+-------++-------
  Melee: Dagger            |    24 |    13 |       ||    37
         Kick              |     4 |     2 |     3 ||     9
         Peck              |     2 |     1 |     2 ||     5
         Battleaxe         |       |     3 |     7 ||    10
   Cast: Magic Dart        |    57 |    79 |    28 ||   164
         Searing Ray       |       |    11 |     4 ||    15
    Use: Scroll            |       |       |    10 ||    10
         Potion            |       |       |     8 ||     8
   Stab: Sleeping          |     3 |     1 |       ||     4
 Armour: Robe              |    10 |     9 |     4 ||    23
         Skin              |       |       |     6 ||     6
  Dodge: Dodged            |    27 |    13 |    19 ||    59
